 Dungeon Crawl Stone Soup version 0.31-a0-217-g58bb5d79cf (webtiles) character file.

Game seed: 3149753208392140050

63 qw the Shooter (level 3, -2/29 HPs)
             Began as a Minotaur Hexslinger on July 2, 2023.
             Slain by a gnoll
             ... wielding a +0 flail
              (8 damage)
             ... on level 2 of the Dungeon.
             The game lasted 00:00:34 (1275 turns).

qw the Shooter (Minotaur Hexslinger)                Turns: 1275, Time: 00:00:34

Health: -2/29      AC:  5    Str: 12    XL:     3   Next: 87%
Magic:  3/3        EV: 12    Int: 10    God:
Gold:   67         SH:  0    Dex: 14    Spells: 3/4 levels left

rFire   . . .        Y - +1 sling
rCold   . . .        (no shield)
rNeg    . . .        c - +0 robe
rPois   .            (helmet restricted)
rElec   .            (no cloak)
rCorr   .            i - +2 pair of gloves
SInv    .            (no boots)
Will    .....        (no amulet)
Stlth   +            (no ring)
HPRegen 0.24/turn    (no ring)
MPRegen 0.08/turn

%: no passive effects
@: no status effects
A: horns 2, retaliatory headbutt
a: no special abilities


You were on level 2 of the Dungeon.
You visited 1 branch of the dungeon, and saw 2 of its levels.

You collected 113 gold pieces.
You spent 46 gold pieces at shops.


Innate Abilities, Weirdness & Mutations

You have a pair of horns on your head.
You reflexively headbutt those who attack you in melee.


   Skills:
 - Level 2.1 Fighting
 + Level 4.3 Ranged Weapons
 - Level 2.1 Dodging
 - Level 1.0 Spellcasting
 - Level 2.0 Hexes


You had 3 spell levels left.
You knew the following spells:

 Your Spells              Type           Power      Damage    Failure   Level
a - Slow                  Hex            16%        N/A       16%         1

Your spell library contained the following spells:

 Spells                   Type           Power      Damage    Failure   Level
 Inner Flame              Hex/Fire       2%         N/A       56%         3
 Portal Projectile        Hex/Tloc       4%         N/A       56%         3
 Cause Fear               Hex            2%         N/A       83%         4

Inventory:

Hand Weapons
 Y - a +1 sling (weapon)
Armour
 a - a +0 leather armour
 c - a +0 robe (worn)
 d - a +0 pair of boots
 i - a +2 pair of gloves (worn)
Scrolls
 b - a scroll of blinking {unknown}
 h - a scroll of noise {unknown}
 k - a scroll of revelation {unknown}
Potions
 e - a potion of mutation {unknown}
 f - 2 potions of might {unknown}
 g - a potion of curing {unknown}
 j - a potion of attraction {unknown}

Dungeon Overview and Level Annotations

Branches:
Dungeon (2/15)

Altars:

Shops:
D:2 [


Message History

The bat barely misses you. You furiously retaliate!
You headbutt the bat.
You kill the bat!
The bat hits you but does no damage. The bat closely misses you.
You shoot a sling bullet. The sling bullet hits the bat.
The bat is severely wounded.
The bat hits you but does no damage. The gnoll closely misses you.
You shoot a sling bullet. The sling bullet barely misses the bat.
The bat closely misses you. The bat hits you but does no damage.
The gnoll hits you but does no damage.
You shoot a sling bullet.
The sling bullet hits the bat but does no damage.
The bat is severely wounded.
The bat barely misses you. The gnoll hits you with a +0 flail!
You shoot a sling bullet. The sling bullet hits the gnoll.
The gnoll is lightly wounded.
The bat hits you but does no damage. The gnoll barely misses you.
A rat comes into view.
You shoot a sling bullet.
The sling bullet closely misses the bat.
The bat hits you but does no damage. The gnoll hits you with a +0 flail.
The bat hits you but does no damage. The gnoll hits you with a +0 flail.
You shoot a sling bullet. The sling bullet hits the bat.
You kill the bat!
The gnoll hits you with a +0 flail!
You shoot a sling bullet.
The sling bullet barely misses the gnoll.
The sling bullet hits the endoplasm.
The endoplasm is severely wounded.
The gnoll closely misses you.
You shoot a sling bullet.
The sling bullet hits the gnoll but does no damage.
The gnoll is lightly wounded.
The rat bites you but does no damage. The gnoll hits you but does no damage.
You shoot a sling bullet. The sling bullet hits the gnoll.
The gnoll is moderately wounded.
The gnoll hits you with a +0 flail. The rat completely misses you.
You shoot a sling bullet. The sling bullet hits the gnoll.
The gnoll is severely wounded.
The gnoll hits you with a +0 flail!
You die...

..### #### ....# ##)..
#.#.# ### #..(. #...# #..
#.... #...# #.. #...S
#.#.# ##.. )JS##.#.#
####... #.
#g#r.#.######...... #.#
#%@#..........#.... ..####
##.###.######...... ....#
#.###...# #..##.. ...#
#.......# #..##.. #..##
##.......####.)##.#
#...####..............#..#
#........#.....#####....##
##.#..>#####.### #.#..#
#.....####..# #....##


You could see a gnoll, an adder, an endoplasm, a ball python and a rat.

Vanquished Creatures
  2 adders (D:2)
  A worm (D:2)
  4 dart slugs
  3 ball pythons
  3 bats
  5 endoplasms
  A giant cockroach (D:1)
  2 goblins (D:2)
  A hobgoblin (D:1)
  2 quokkas (D:2)
  2 frilled lizards
  5 kobolds
  2 rats
33 creatures vanquished.

Notes
Turn   | Place    | Note
-------+----------+-------------------------------------------
     0 | D:1      | qw the Minotaur Hexslinger began the quest for the Orb.
     0 | D:1      | Reached XP level 1. HP: 16/16 MP: 1/1
     0 | D:1      | 0 ||| qw: Version: 0.3-a-40-ge99b1a8
     0 | D:1      | 0 ||| qw: Game counter: 251
     0 | D:1      | 0 ||| qw: Melee chars always use a shield: true
     0 | D:1      | 0 ||| qw: God list: Okawaru
     0 | D:1      | 0 ||| qw: Allow faded altars: false
     0 | D:1      | 0 ||| qw: Do Orc after clearing Dungeon:15 true
     0 | D:1      | 0 ||| qw: Do second Lair branch before Depths: true
     0 | D:1      | 0 ||| qw: Lair rune preference: random
     0 | D:1      | 0 ||| qw: Goals: Normal
     0 | D:1      | 0 ||| PLANNING D:1-11
   228 | D:1      | Reached skill level 3 in Ranged Weapons
   257 | D:1      | Reached XP level 2. HP: 23/23 MP: 2/2
   284 | D:1      | Found a faded altar of an unknown god.
   716 | D:1      | 716 ||| UPGRADING to +0 pair of gloves.
   721 | D:1      | 721 ||| DROPPING ring of magical power.
   722 | D:1      | 722 ||| READING scroll labelled AMMIANIMEYNK.
   723 | D:1      | 723 ||| READING 2 scrolls labelled UZXOBAKEIKK.
   724 | D:1      | 724 ||| READING scroll labelled JETHAW XIETU WYR.
   725 | D:1      | 725 ||| READING 2 scrolls labelled JOKHOI QETT.
   726 | D:1      | 726 ||| READING scroll of enchant armour.
   726 | D:1      | 726 ||| ENCHANTING +0 pair of gloves.
   727 | D:1      | 727 ||| READING scroll labelled AMAODU JAUM.
   728 | D:1      | 728 ||| DROPPING scroll of poison.
   729 | D:1      | 729 ||| DROPPING scroll of immolation.
   744 | D:2      | Found Cury's Antique Armour Shoppe.
   761 | D:2      | 761 ||| BUYING leather armour (46 gold).
   761 | D:2      | Bought a leather armour for 46 gold pieces
   761 | D:2      | 761 ||| SHOPLISTING ring mail (92 gold, have 11).
   761 | D:2      | 761 ||| SHOPLISTING shiny ring mail (161 gold, have 11).
   769 | D:2      | Reached XP level 3. HP: 29/29 MP: 3/3
   848 | D:2      | 848 ||| READING scroll of enchant armour.
   848 | D:2      | 848 ||| ENCHANTING +1 pair of gloves.
   876 | D:2      | Reached skill level 4 in Ranged Weapons
  1271 | D:2      | HP: 7/29 [gnoll/+0 flail (7)]
  1275 | D:2      | Slain by a gnoll

Levels and vault maps discovered:
D:1:      psy_arrival_basics, layout_loops_cross,
          hellmonk_ecumenical_altar_pennies_from_heaven
D:2:      layout_rooms, serial_shops, nicolae_shop_gibbet_a_chance,
          minmay_misc_feat_doors, minmay_joined_circles

Skill      XL: |  1  2  3 |
---------------+----------+-----
Ranged Weapons | 3 4 |  4.3
Fighting       | 2 |  2.1
Dodging        | |  2.1
Spellcasting   | |  1.0
Hexes          | |  2.0

Action                     || total
---------------------------++-------
   Fire: Sling             ||   131
    Use: Scroll            ||     7
 Armour: Robe              ||    21
  Dodge: Dodged            ||    26

Table legend:
 A = Non-vault XP
 B = Vault XP
 C = Vault XP percentage of total XP
 D = Non-vault monster count
 E = Vault monster count
 F = Vault count percentage of total count
                 A         B        C        D         E       F
            +---------+---------+-------+---------+---------+-------
      Total |      84 |       6 |   6.7 |      30 |       3 |   9.1
            +---------+---------+-------+---------+---------+-------
        D:1 |      25 |       0 |   0.0 |      11 |       0 |   0.0
        D:2 |      59 |       6 |   9.2 |      19 |       3 |  13.6
            +---------+---------+-------+---------+---------+-------
